 Dungeon Crawl Stone Soup version 0.29-a0-270-g1586fc07ea (webtiles) character file.

Game seed: 18232889004382228690

37 skittles the Shooter (level 3, -5/29 HPs)
             Began as a Draconian Hunter on Mar 7, 2022.
             Slain by Sigmund
             ... wielding a +0 scythe
              (10 damage)
             ... on level 2 of the Dungeon.
             The game lasted 00:03:09 (882 turns).

skittles the Shooter (Draconian Hunter)              Turns: 882, Time: 00:03:10

Health: -5/29      AC:  5    Str: 14    XL:     3   Next: 21%
Magic:  3/3        EV: 12    Int: 11    God:
Gold:   77         SH:  0    Dex: 13    Spells: 2/2 levels left

rFire   . . .      SeeInvis .   g - +0 quarterstaff
rCold   . . .      Faith    .   (shield currently unavailable)
rNeg    . . .      Spirit   .   (body armour unavailable)
rPois   .          Reflect  .   (helmet restricted)
rElec   .          Harm     .   (no cloak)
rCorr   .          Rampage  .   (no gloves)
Will    .....                   (no boots)
Stlth   ++........              (no amulet)
HPRegen 0.09/turn               (no ring)
MPRegen 0.08/turn               (no ring)

@: no status effects
A: AC +5, unfitting armour, cold-blooded
a: no special abilities


You were on level 2 of the Dungeon.
You visited 1 branch of the dungeon, and saw 2 of its levels.

You collected 77 gold pieces.

Inventory:

Hand Weapons
 a - a +1 shortbow
 e - a +0 dagger
 g - a +0 quarterstaff (weapon)
Scrolls
 b - a scroll of immolation
 f - 2 scrolls of amnesia {unknown}
 h - a scroll of noise {unknown}
 j - a scroll of enchant weapon {unknown}


   Skills:
 - Level 2.1 Fighting
 * Level 4.6 Bows
 - Level 1.7 Dodging
 - Level 0.8 Stealth


You had 2 spell levels left.
You didn't know any spells.
Your spell library contained the following spells:

 Spells                   Type           Power      Damage    Failure   Level
 Sandblast                Erth           0%         2d4       34%         1
 Passwall                 Tmut/Erth      0%         N/A       47%         2
 Stone Arrow              Conj/Erth      0%         3d7       71%         3


Dungeon Overview and Level Annotations

Branches:
Dungeon (2/15)

Altars:

Annotations:
D:2 Sigmund


Innate Abilities, Weirdness & Mutations

Your plain brown scales are hard. (AC +5)
You cannot fit into any form of body armour.
You are cold-blooded and may be slowed by cold attacks.


Message History

Sigmund casts a spell.
Sigmund flickers and vanishes!
Deactivating autopickup; reactivate with Ctrl-A.
Shoot: a) +1 shortbow
Press: ? - help, Q - select action Shift-Dir - straight line, f - you Really target yourself? [Y]es or [N]o only, please.
Really target yourself? [Y]es or [N]o only, please.
Really target yourself? [Y]es or [N]o only, please.
Really target yourself?
Okay, then.
g - a +0 quarterstaff (weapon)
It was a potion of ambrosia.
You are confused.
You feel invigorated.
Found 3 scrolls labelled QYOXOYRPHYO.
You hear some strange, mumbled words.
A magic dart appears from out of thin air!
The magic dart hits you!
You miss something. Something hits you.
You bump into the rock wall.
You feel less invigorated.
You feel less confused. Something hits you!
You see here a +0 whip.
Found a leather armour.
Found a stone staircase leading down.
You hear some strange, mumbled words.
A magic dart appears from out of thin air!
The magic dart hits you.
* * * LOW HITPOINT WARNING * * *
Found an escape hatch in the ceiling.
Something hits you.
* * * LOW HITPOINT WARNING * * *
Your extra speed is starting to run out.
Found 15 gold pieces.
Something tries to affect you, but you resist.
You feel yourself slow down. Something completely misses you.
Something hits you!
You die...

#...# #..)# ##.
#####...####...
..............>
...............
#...>..........[
####.......##...
#.#...#.# #.
#.#..@#?#
#.#...#.#
#.....#.#
#.....<.####
#.##.......# #.
#.#####.# # #..
.. .... #....


There were no monsters in sight!

Vanquished Creatures
  A worm (D:2)
  2 dart slugs (D:1)
  4 bats (D:1)
  2 endoplasms (D:1)
  3 giant cockroaches (D:1)
  2 hobgoblins (D:1)
  6 ball pythons (D:1)
  3 frilled lizards (D:1)
  3 kobolds
  2 rats
28 creatures vanquished.

Notes
Turn   | Place    | Note
-------+----------+-------------------------------------------
     0 | D:1      | skittles the Draconian Hunter began the quest for the Orb.
     0 | D:1      | Reached XP level 1. HP: 17/17 MP: 1/1
   180 | D:1      | Reached skill level 4 in Bows
   181 | D:1      | Reached XP level 2. HP: 24/24 MP: 2/2
   448 | D:1      | Reached XP level 3. HP: 25/29 MP: 3/3
   833 | D:2      | Noticed Sigmund
   882 | D:2      | Slain by Sigmund

Illustrated notes

Levels and vault maps discovered:
D:1:      giann_wishing_wells, layout_loops_ring, minmay_tetromino_o2
D:2:      layout_loops_cross, uniq_sigmund

Skill      XL: |  1 |
---------------+----+-----
Bows           | 4 |  4.6
Fighting       | |  2.1
Dodging        | |  1.7
Stealth        | |  0.8

Action                   || total
-------------------------++-------
Melee: Quarterstaff      ||     1
 Fire: Shortbow          ||    77
  Use: Potion            ||     4
Armor: Skin              ||     4
Dodge: Dodged            ||    17

Table legend: (Time is in decaauts)
 A = Elapsed time spent in this place.
 B = Non-inter-level travel time spent in this place.
 C = Inter-level travel time spent in this place.
 D = Time resting spent in this place.
 E = Time spent auto-exploring this place.
 F = Levels seen in this place.
 G = Mean time per level.
                   A        B        C        D        E       F      G
               +--------+--------+--------+--------+--------+-----+--------+
         Total |    889 |    875 |     14 |      0 |    697 |   2 |  444.5 |
       Dungeon |    889 |    875 |     14 |      0 |    697 |   2 |  444.5 |
               +--------+--------+--------+--------+--------+-----+--------+

Top non-repeatable levels by time:
     D:1: 821 daAuts
     D:2: 68 daAuts
